 Dungeon Crawl Stone Soup version 0.28.0-49-g6dfe1f597d (webtiles) character file.

Game seed: 1060361903657775751

125 nickcage the Gusty (level 4, 0/24 HPs)
             Began as a Deep Elf Air Elementalist on May 16, 2022.
             Slain by an ogre
             ... wielding a +0 giant spiked club
              (24 damage)
             ... on level 3 of the Dungeon.
             The game lasted 00:09:37 (2804 turns).

nickcage the Gusty (Deep Elf Air Elementalist)      Turns: 2804, Time: 00:09:38

Health: 0/24       AC:  4    Str:  5    XL:     4   Next: 82%
Magic:  8/10       EV: 12    Int: 22    God:
Gold:   103        SH:  0    Dex: 15    Spells: 8/9 levels left

rFire   . . .      SeeInvis .   h - +2 dagger (venom)
rCold   . . .      Faith    .   (no shield)
rNeg    . . .      Spirit   .   a - +0 robe
rPois   .          Reflect  .   (no helmet)
rElec   .          Harm     .   k - +0 cloak
rCorr   .          Rampage  .   (no gloves)
Will    .....                   b - +0 pair of boots
Stlth   ++........              (no amulet)
HPRegen 0.08/turn               (no ring)
MPRegen 0.12/turn               (no ring)

@: no status effects
A: no striking features
a: no special abilities


You were on level 3 of the Dungeon.
You visited 1 branch of the dungeon, and saw 3 of its levels.

You collected 103 gold pieces.

Inventory:

Hand Weapons
 f - a +0 dagger
 h - a +2 dagger of venom (weapon)
Armour
 a - a +0 robe (worn)
 b - a +0 pair of boots (worn)
 k - a +0 cloak (worn)
Wands
 n - a wand of iceblast (4)
Scrolls
 d - 3 scrolls of fear {unknown}
 g - a scroll of teleportation {unknown}
 o - a scroll of vulnerability {unknown}
Potions
 c - 2 potions of mutation {unknown}
 e - a potion of haste {unknown}
 i - a potion of lignification {unknown}
 j - a potion of cancellation {unknown}
 l - a potion of curing {unknown}
 m - a potion of heal wounds {unknown}


   Skills:
 - Level 2.4 Dodging
 - Level 2.4 Stealth
 - Level 3.0 Spellcasting
 - Level 2.0 Conjurations
 + Level 5.3 Air Magic


You had 8 spell levels left.
You knew the following spells:

 Your Spells              Type           Power      Damage    Failure   Level
a - Shock                 Conj/Air       76%        1d7       2%          1

Your spell library contained the following spells:

 Spells                   Type           Power      Damage    Failure   Level
 Static Discharge         Conj/Air       19%        N/A       4%          2
 Swiftness                Air            27%        N/A       4%          3
 Airstrike                Air            13%        N/A       14%         4
 Blink                    Tloc           6%         N/A       19%         2
 Lesser Beckoning         Tloc           3%         N/A       36%         3
 Tukima's Dance           Hex            3%         N/A       36%         3
 Passage of Golubria      Tloc           3%         N/A       77%         4
 Manifold Assault         Tloc           3%         N/A       98%         5
 Yara's Violent Unravell  Hex/Tmut       1%         3d3       98%         5


Dungeon Overview and Level Annotations

Branches:
Dungeon (3/15)

Altars:
Zin


Message History

You see here a ball python corpse.
Found a dagger.
Found a stone staircase leading up.
Things that are here:
a +0 dagger; 3 stones
m - a purple potion You now have 80 gold pieces (gained 12).
A goblin comes into view. It is wielding a +0 club.
You see here a wand of iceblast (4).
A goblin is nearby!
The zap hits the goblin.
The goblin is heavily wounded.
The goblin shouts!
The zap hits the goblin.
You kill the goblin!
n - a wand of iceblast (4)
You now have 93 gold pieces (gained 13).
Found 22 stones.
o - a scroll labelled IVYXEXOPRAY You now have 103 gold pieces (gained 10).
A goblin comes into view. It is wielding a +0 club.
The zap hits the goblin!
You kill the goblin!
Things that are here:
a +0 club; a goblin corpse An ogre comes into view.
It is wielding a +0 giant spiked club.
Found a scroll labelled CECKUKIREGG.
The zap hits the ogre.
The ogre is lightly wounded.
The ogre shouts!
The zap hits the ogre.
The ogre is lightly wounded.
The zap hits the ogre.
The ogre is lightly wounded.
The zap hits the ogre.
The ogre is lightly wounded.
Things that are here:
a +0 club; a goblin corpse The ogre hits you with a +0 giant spiked club!!
Ouch! That really hurt!
You die...

.######.#
#.#.#........=## #
##.#(#.# #...# ...
####..#... ##..##..#
.....#..########.....###
###......#....).........#
.
#....#.....########......
#.#.. #.....O## #.....
#....##.....@.## #....
#...........# ....
###.........# ..? ..#
#..........# .. ..#
#..........# #.#
#).........#
#.###.#.......##
####.#............##
#......##..........##


You could see an ogre.

Vanquished Creatures
  An orc wizard (D:3)
  3 gnolls (D:2)
  2 adders (D:2)
  A dart slug (D:2)
  3 orcs (D:3)
  3 endoplasms
  6 goblins
  3 hobgoblins
  2 jackals (D:2)
  2 quokkas
  7 ball pythons
  3 bats
  5 frilled lizards
  7 kobolds
  2 rats
50 creatures vanquished.

Notes
Turn   | Place    | Note
-------+----------+-------------------------------------------
     0 | D:1      | nickcage the Deep Elf Air Elementalist began the quest for
                  | the Orb.
     0 | D:1      | Reached XP level 1. HP: 10/10 MP: 6/6
   204 | D:1      | You fall into a shaft and drop 1 floor!
   242 | D:2      | Reached XP level 2. HP: 15/15 MP: 4/8
   386 | D:2      | Reached skill level 4 in Air Magic
   473 | D:2      | Reached XP level 3. HP: 19/19 MP: 7/9
  1151 | D:1      | Found a faded altar of an unknown god.
  1681 | D:2      | Reached XP level 4. HP: 15/24 MP: 5/10
  1913 | D:2      | Found a glowing silver altar of Zin.
  2371 | D:3      | Reached skill level 5 in Air Magic
  2787 | D:3      | Noticed an ogre
  2804 | D:3      | Slain by an ogre

Illustrated notes

Levels and vault maps discovered:
D:1:      minmay_arrival_five_plusses, layout_basic,
          ebering_ecumenical_altar_abandoned, minmay_distorted
D:2:      layout_basic, basic_altar
D:3:      layout_rooms

Skill      XL: |  1  2  3  4 |
---------------+-------------+-----
Air Magic      | 4 5 |  5.3
Conjurations   | 2 |  2.0
Dodging        | |  2.4
Stealth        | |  2.4
Spellcasting   | |  3.0

Action                   |  1- 3 |  4- 6 || total
-------------------------+-------+-------++-------
 Cast: Shock             |    61 |    44 ||   105
Armor: Robe              |     3 |     2 ||     5
Dodge: Dodged            |    11 |     4 ||    15
